 Dungeon Crawl Stone Soup version 0.30.1-4-g462c640d31 (webtiles) character file.

Game seed: 17057743864437666675

2720 spardeous the Blocker (level 9, -3/74 HPs)
             Began as a Gnoll Fighter on Aug 23, 2023.
             Was an Initiate of Gozag.
             Killed from afar by an orc wizard (4 damage)
             ... with a puff of flame
             ... on level 8 of the Dungeon on Aug 24, 2023.
             The game lasted 00:10:37 (7070 turns).

spardeous the Blocker (Gnoll Fighter)               Turns: 7070, Time: 00:10:39

Health: -3/74      AC: 19    Str: 19    XL:     9   Next: 66%
Magic:  15/15      EV:  9    Int:  7    God:    Gozag
Gold:   710        SH: 11    Dex: 13    Spells: 17/17 levels left

rFire   . . .        z - +1 war axe (venom)
rCold   . . .        c - +0 buckler
rNeg    + . .        m - +0 chain mail
rPois   +            (no helmet)
rElec   +            g - +2 cloak
rCorr   .            B - +1 Delatra's gloves {ID++}
SInv    .            D - +1 pair of boots {Fly}
Will    .....        n - amulet of Attitude {Reflect Drain rElec rPois SH+5} Stlth
                     r - ring of flight
HPRegen 0.32/turn    w - ring of positive energy
MPRegen 0.14/turn

%: reflection
@: lethally poisoned (-3 -> -20), gold aura, flying
A: fangs 1, strong nose, distributed training
a: Renounce Religion, Potion Petition, Call Merchant, Bribe Branch


You were on level 8 of the Dungeon.
You worshipped Gozag.
Gozag was pleased with you.
You visited 1 branch of the dungeon, and saw 8 of its levels.

You collected 1042 gold pieces.
You spent 265 gold pieces at shops.
You paid 67 gold pieces to Gozag.

Inventory:

Hand Weapons
 z - a +1 war axe of venom (weapon)
 C - a +2 falchion of distortion
Armour
 c - a +0 buckler (worn)
 g - a +2 cloak (worn)
 m - a +0 chain mail (worn)
 B - the +1 Delatra's gloves (worn) {ID++}
   (You found it on level 5 of the Dungeon)

   ID++:      It heals its wearer when they drink unknown potions, and restores
   their MP when they read unknown scrolls.
 D - a +1 pair of boots of flying (worn)
Magical Staves
 a - the staff of earth "Vuif" {Contam rF++ Str+4 SInv}
   (You found it on level 6 of the Dungeon)

   [staff of earth]

   Base accuracy: +5 Base damage: 5 Base attack delay: 1.2 This weapon's minimum
   attack delay (0.6) is reached at skill level 12.
   Str:       It affects your strength (+4).
   rF:        It greatly protects you from fire.
   SInv:      It lets you see invisible.
   Contam:    It causes magical contamination when unequipped.
   It falls into the 'Staves' category.
   It is a one-handed weapon.
Jewellery
 n - the amulet of Attitude (around neck) {Reflect Drain rElec rPois SH+5}
   (You bought it in a shop on level 1 of the Dungeon)

   [amulet of reflection]

   It reflects blocked missile attacks.
   rElec:     It insulates you from electricity.
   rPois:     It protects you from poison.
   Drain:     It drains your maximum health when unequipped.
   SH:        It affects your SH (+5).
 r - a ring of flight (left hand)
 w - a ring of positive energy (right hand)
 F - a ring of fire
Wands
 o - a wand of mindburst (6)
 u - a wand of flame (14)
 I - a wand of charming (6)
Scrolls
 e - a scroll of butterflies
 h - 2 scrolls of teleportation
 j - a scroll of noise
 l - 2 scrolls of fog
 q - 4 scrolls of blinking
 v - 2 scrolls of fear {unknown}
 x - 2 scrolls of amnesia
 y - a scroll of enchant armour
 A - 4 scrolls of poison {unknown}
 E - 2 scrolls of brand weapon
Potions
 b - a potion of mutation {unknown}
 d - a potion of might
 f - 2 potions of curing
 i - 2 potions of ambrosia
 k - 3 potions of lignification {unknown}
 p - a potion of invisibility {unknown}
 s - 2 potions of haste {unknown}
 t - 2 potions of attraction {unknown}
 G - a potion of magic {unknown}
 H - 2 potions of degeneration {unknown}


   Skills:
 + Level 8.1 Fighting
 + Level 4.6 Short Blades
 + Level 4.6 Long Blades
 + Level 6.6 Axes
 + Level 4.6 Maces & Flails
 + Level 4.6 Polearms
 + Level 4.6 Staves
 + Level 4.6 Ranged Weapons
 + Level 4.6 Throwing
 + Level 8.1 Armour
 + Level 4.6 Dodging
 + Level 4.6 Stealth
 + Level 8.1 Shields
 + Level 4.6 Unarmed Combat
 + Level 4.6 Spellcasting
 + Level 3.8 Conjurations
 + Level 3.8 Hexes
 + Level 3.8 Summonings
 + Level 3.8 Necromancy
 + Level 3.8 Translocations
 + Level 3.8 Transmutations
 + Level 3.8 Fire Magic
 + Level 3.8 Ice Magic
 + Level 3.8 Air Magic
 + Level 3.8 Earth Magic
 + Level 3.8 Poison Magic
 + Level 5.1 Invocations
 + Level 4.6 Evocations


You had 17 spell levels left.
You didn't know any spells.
Your spell library contained the following spells:

 Spells                   Type           Power      Damage    Failure   Level
 Sandblast                Erth           14%        2d6       43%         1
 Cigotuvi's Dreadful Rot  Necr/Pois/Air  14%        N/A       56%         2
 Passwall                 Tmut/Erth      5%         N/A       56%         2
 Stone Arrow              Conj/Erth      14%        3d7       80%         3
 Cause Fear               Hex            3%         N/A       99%         4
 Dispel Undead            Necr           7%         3d8       99%         4
 Death Channel            Necr           3%         N/A       100%        6
 Dragon Form              Tmut           3%         N/A       100%        7
 Dragon's Call            Summ           3%         N/A       100%        9


Dungeon Overview and Level Annotations

Branches:
Dungeon (8/15)             Temple (0/1) D:5
   Lair: D:8-11

Altars:
Dithmenos
Elyvilon
Gozag
Trog
Vehumet

Shops:
D:1 *   D:6 *[

Annotations:
D:7 3 runed translucent doors, lupz's ghost, novice MiBe


Innate Abilities, Weirdness & Mutations

You have very sharp teeth.
Your uncanny sense of smell can sniff out nearby items.
Your experience applies equally to all skills.


Message History

You completely miss the killer bee. You closely miss the killer bee. x2
You block the killer bee's attack. The killer bee closely misses you.
The killer bee stings you but does no damage.
The killer bee misses you.
The killer bee stings you but does no damage.
You block the killer bee's attack.
The killer bee stings you but does no damage.
The killer bee closely misses you. x2; You block the killer bee's attack. x2
The killer bee stings you.
* * * LOW HITPOINT WARNING * * *
You take 1 damage, and have 19/74 hp.
You closely miss the killer bee. You miss the killer bee. x2
You slash the killer bee!
The killer bee stings you but does no damage.
You block the killer bee's attack.
The killer bee stings you but does no damage.
The killer bee barely misses you. x2; The killer bee closely misses you.
The killer bee stings you but does no damage.
You block the killer bee's attack.
You barely miss the killer bee. You slash the killer bee!
The killer bee is poisoned.
You hit the killer bee.
The killer bee is poisoned.
You closely miss the killer bee.
You kill the killer bee!
The killer bee closely misses you. The killer bee stings you.
* * * LOW HITPOINT WARNING * * *
You are poisoned.
The killer bee poisons you! The killer bee stings you.
* * * LOW HITPOINT WARNING * * *
The killer bee stings you but does no damage.
The killer bee stings you.
* * * LOW HITPOINT WARNING * * *
You are lethally poisoned!
The killer bee poisons you! You block the killer bee's attack.
The orc priest invokes the aid of Beogh against you.
Beogh smites you!
* * * LOW HITPOINT WARNING * * *
A puff of flame appears from out of thin air!
The puff of flame hits you.
You die...
Your body crumbles into a pile of gold.

## ##.#### #...#.##
##..#...####
#..........##
##..........###
#.............####
#..<##..#..........##
#.. #...y@..........#
.. #...yy$....#....#
. ##.........##...#
#....#..{o.....#
.........#......#
..........#......#
.[..>........##o..#
......#..o.......##
...##?....##.##


You could see 3 killer bees and 2 orc priests.

Vanquished Creatures
  4 yaks
  2 wyverns
  A water moccasin (D:6)
  An orc warrior (D:5)
  2 sky beasts (D:7)
  2 ice beasts (D:6)
  An ogre (D:6)
  A phantom (D:3)
  Blork the orc (D:6)
  2 scorpions (D:5)
  A killer bee (D:8)
  A howler monkey (D:6)
  4 orc priests
  2 hounds
  Natasha (thrice) (D:4)
  An iguana (D:5)
  13 orc wizards
  8 gnolls
  9 adders
  2 white imps (D:6)
  2 ufetubi (D:5)
  A worm (D:3)
  4 dart slugs
  22 orcs
  6 endoplasms
  5 giant cockroaches
  5 goblins
  7 hobgoblins
  14 jackals
  5 kobolds
  5 quokkas
  3 ball pythons
  2 bats
  4 frilled lizards
  4 rats
150 creatures vanquished.

Notes
Turn   | Place    | Note
-------+----------+-------------------------------------------
     0 | D:1      | spardeous the Gnoll Fighter began the quest for the Orb.
     0 | D:1      | Reached XP level 1. HP: 23/23 MP: 1/1
   127 | D:1      | Reached XP level 2. HP: 26/29 MP: 2/2
   434 | D:1      | Found Kiubug's Assorted Antiques.
   971 | D:2      | Reached XP level 3. HP: 35/35 MP: 3/3
  1272 | D:2      | Reached skill level 1 in Invocations
  1276 | D:2      | Reached skill level 1 in Short Blades
  1276 | D:2      | Reached skill level 1 in Long Blades
  1276 | D:2      | Reached skill level 1 in Maces & Flails
  1276 | D:2      | Reached skill level 1 in Polearms
  1276 | D:2      | Reached skill level 1 in Staves
  1276 | D:2      | Reached skill level 1 in Ranged Weapons
  1276 | D:2      | Reached skill level 1 in Throwing
  1276 | D:2      | Reached skill level 1 in Dodging
  1276 | D:2      | Reached skill level 1 in Stealth
  1276 | D:2      | Reached skill level 1 in Unarmed Combat
  1276 | D:2      | Reached skill level 1 in Spellcasting
  1276 | D:2      | Reached skill level 1 in Evocations
  1503 | D:2      | Found a faded altar of an unknown god.
  1730 | D:1      | Bought a twitching pewter amulet for 100 gold pieces
  1730 | D:1      | Identified the amulet of Attitude {Reflect Drain rElec
                  | rPois SH+5} (You bought it in a shop on level 1 of the
                  | Dungeon)
  1766 | D:3      | Reached XP level 4. HP: 36/41 MP: 5/5
  2065 | D:3      | Reached skill level 1 in Conjurations
  2065 | D:3      | Reached skill level 1 in Hexes
  2065 | D:3      | Reached skill level 1 in Summonings
  2065 | D:3      | Reached skill level 1 in Necromancy
  2065 | D:3      | Reached skill level 1 in Translocations
  2065 | D:3      | Reached skill level 1 in Transmutations
  2065 | D:3      | Reached skill level 1 in Fire Magic
  2065 | D:3      | Reached skill level 1 in Ice Magic
  2065 | D:3      | Reached skill level 1 in Air Magic
  2065 | D:3      | Reached skill level 1 in Earth Magic
  2065 | D:3      | Reached skill level 1 in Poison Magic
  2158 | D:3      | Reached XP level 5. HP: 40/47 MP: 5/7
  2190 | D:3      | Found a bloodstained altar of Trog.
  2255 | D:3      | Noticed a phantom
  2263 | D:3      | Killed a phantom
  2326 | D:4      | Found an opulent altar of Gozag.
  2381 | D:4      | Reached XP level 6. HP: 35/53 MP: 8/8
  2382 | D:4      | Reached skill level 5 in Axes
  2404 | D:4      | Became a worshipper of Gozag Ym Sagoz the Greedy
  2569 | D:4      | Noticed Natasha
  2576 | D:4      | Killed Natasha
  2770 | D:4      | Noticed Natasha
  2783 | D:4      | Killed Natasha
  2835 | D:4      | Found a radiant altar of Vehumet.
  2851 | D:4      | Noticed Natasha
  2861 | D:4      | Killed Natasha
  2862 | D:4      | Reached XP level 7. HP: 46/60 MP: 10/10
  3558 | D:5      | Entered Level 5 of the Dungeon
  3713 | D:5      | Found a white marble altar of Elyvilon.
  3796 | D:5      | Found a staircase to the Ecumenical Temple.
  4796 | D:5      | Reached XP level 8. HP: 47/67 MP: 12/12
  4867 | D:5      | Found the +1 Delatra's gloves {ID++}
  5331 | D:6      | Found a shadowy altar of Dithmenos.
  5389 | D:6      | Found Dodghovva's Armour Boutique.
  5458 | D:6      | Bought a +1 pair of boots of flying for 165 gold pieces
  5494 | D:6      | Identified the staff of earth "Vuif" {Contam rF++ Str+4
                  | SInv}
  5775 | D:6      | Noticed Blork the orc
  5779 | D:6      | Killed Blork the orc
  5840 | D:6      | Found Wocacix's Whimsical Warehouse.
  5996 | D:7      | Reached XP level 9. HP: 29/73 MP: 14/14
  6383 | D:7      | Found a runed translucent gate.
  6384 | D:7      | Found a runed translucent gate.
  6385 | D:7      | Noticed lupz's ghost (novice MiBe)
  6386 | D:7      | Found a runed translucent gate.
  6386 | D:7      | Noticed a kobold demonologist
  6996 | D:7      | Reached skill level 5 in Invocations
  7070 | D:8      | HP: 1/74 [orc priest/divine providence (12)]
  7070 | D:8      | Killed from afar by an orc wizard

Illustrated notes

Levels and vault maps discovered:
D:1:      minmay_arrival_loop, layout_loops_ring, serial_shops, shop,
          nrook_campfire
D:2:      layout_loops_ring, hellmonk_ecumenical_altar_inner_sanctum,
          grunt_ministairs_3, corexii_shack, minmay_hedge_maze,
          minmay_misc_feat_more_columns, chequers_serial_rivers_micro_d,
          minmay_bisected
D:3:      layout_rooms, trog_antimagical
D:4:      layout_layer_cave, grunt_gozag_statues, lemuel_doored_altar,
          uniq_natasha
D:5:      layout_basic, nicolae_elyvilon_peaceful_grove,
          minmay_temple_entry_tees, amcnicky_mini_pool_small,
          pf_guarded_unrand_delatra
D:6:      layout_rooms, mainiacjoe_overflow_concentric_impassable, serial_shops,
          shop, nicolae_alphabet_shops, minmay_misc_feat_diagonals,
          uniq_blork_the_orc
D:7:      layout_cave_pools, nicolae_overflow_hidden_temple,
          gammafunk_ghost_nasty_kobolds
D:8:      layout_cave_pools, chequers_ossuary_entry_cave, gammafunk_ghost_icy

Skill      XL: |  1  2  3  4  5  6  7  8  9 |
---------------+----------------------------+-----
Invocations    | 1 2 3 4 5 |  5.1
Short Blades   | 1 2 3 4 |  4.6
Long Blades    | 1 2 3 4 |  4.6
Maces & Flails | 1 2 3 4 |  4.6
Polearms       | 1 2 3 4 |  4.6
Staves         | 1 2 3 4 |  4.6
Ranged Weapons | 1 2 3 4 |  4.6
Throwing       | 1 2 3 4 |  4.6
Dodging        | 1 2 3 4 |  4.6
Stealth        | 1 2 3 4 |  4.6
Unarmed Combat | 1 2 3 4 |  4.6
Spellcasting   | 1 2 3 4 |  4.6
Evocations     | 1 2 3 4 |  4.6
Conjurations   | 1 2 3 |  3.8
Hexes          | 1 2 3 |  3.8
Summonings     | 1 2 3 |  3.8
Necromancy     | 1 2 3 |  3.8
Translocations | 1 2 3 |  3.8
Transmutations | 1 2 3 |  3.8
Fire Magic     | 1 2 3 |  3.8
Ice Magic      | 1 2 3 |  3.8
Air Magic      | 1 2 3 |  3.8
Earth Magic    | 1 2 3 |  3.8
Poison Magic   | 1 2 3 |  3.8
Axes           | 5 6 |  6.6
Fighting       | 7 8 |  8.1
Armour         | 7 8 |  8.1
Shields        | 7 8 |  8.1

Action                     |  1- 3 |  4- 6 |  7- 9 || total
---------------------------+-------+-------+-------++-------
  Melee: War axe           |    82 |   143 |   292 ||   517
         Bite              |     5 |    11 |    37 ||    53
    Use: Scroll            |       |     6 |     3 ||     9
         Potion            |       |     1 |     2 ||     3
   Stab: Distracted        |       |       |     1 ||     1
 Armour: Scale mail        |    33 |       |       ||    33
         Chain mail        |     3 |    79 |   187 ||   269
  Dodge: Dodged            |    39 |    40 |    86 ||   165
  Block: Buckler           |    22 |    93 |   173 ||   288
         Reflection        |       |     1 |     1 ||     2
